Cogmind - Beta 16 --- EXPLORER MODE // 2025.12.18 @ 14:45:04 Player: K.K.Y. Result: Destroyed by ZL-7QF(R) with Subdweller Laser Performance ------------- Evolutions (0) 0 Regions Visited (3) 600 Robots Destroyed (23) 115 Value Destroyed (449) 449 Prototype IDs (12) 240 Alien Tech Used (0) 0 Bonus (102) 102 TOTAL SCORE: 1506 Bonus ------- Follower Combat Kills 102 Cogmind --------- Core Integrity 0/250 Matter 285/300 Energy 16/100 System Corruption 0% Temperature Cool (6) Movement Core (250) Ox4 Location -10/Subcaves Parts ------- > --- POWER (1) -------- (None) > --- PROPULSION (2) --- (None) > --- UTILITY (3) ------ Medium Storage Unit Structural Scanner > --- WEAPON (2) ------- Subdweller Laser > --- INVENTORY (10) --- Improved Heat Sink High-capacity Storage Unit Huge Storage Unit Machine Analyzer Improved Terrain Scanner Riot Gun Plasma Cutter Peak State ------------ > --- POWER ------------ Light Nuclear Core > --- PROPULSION ------- Light Treads > --- UTILITY ---------- Medium Storage Unit Structural Scanner > --- WEAPON ----------- Particle Gun Beam Cannon > --- INVENTORY -------- High-capacity Storage Unit Huge Storage Unit Machine Analyzer Improved Terrain Scanner Mining Laser Plasma Cutter [Rating: 10] Favorites ----------- Power Ion Engine Engine Ion Engine Power Core Light Nuclear Core Propulsion Light Treads Treads Light Treads Utility Medium Storage Unit Device Structural Scanner Storage Medium Storage Unit Weapon Beam Cannon Energy Gun Particle Gun Energy Cannon Beam Cannon Ballistic Gun Assault Rifle Special Weapon Mining Laser Build | -11 -10 -10 -10 ------- Run | Yrd Mat Min Sub Slots Evolved 1 | . 1 . . Power . | . . . . Propulsion . | . . . . Utility 1 | . 1 . . Weapon . | . . . . Parts Attached 15 | 7 4 1 3 Power 3 | 1 1 . 1 Engine 2 | 1 1 . . Core 1 | . . . 1 Reactor . | . . . . Propulsion 4 | 2 1 1 . Treads 4 | 2 1 1 . Leg . | . . . . Wheel . | . . . . Hover . | . . . . Flight . | . . . . Utility 2 | 2 . . . Device 1 | 1 . . . Storage 1 | 1 . . . Processor . | . . . . Hackware . | . . . . Protection . | . . . . Artifact . | . . . . Weapon 6 | 2 2 . 2 Energy Gun 3 | 1 1 . 1 Energy Cannon 1 | . 1 . . Ballistic Gun 1 | 1 . . . Ballistic Cannon . | . . . . Launcher . | . . . . Special Weapon 1 | . . . 1 Impact Weapon . | . . . . Slashing Weapon . | . . . . Piercing Weapon . | . . . . Special Melee Weapon . | . . . . Unidentified Prototypes . | . . . . Parts Lost 7 | . . . 7 Power 2 | . . . 2 Propulsion 2 | . . . 2 Utility . | . . . . Weapon 3 | . . . 3 Highest Loss Streak 2 | . . . 2 To Critical Strikes 1 | . . . 1 Average Backups 4 | 1 4 5 5 Power . | . . . . Propulsion . | . 1 . . Utility 2 | . 2 3 3 Weapon 1 | . 1 1 1 Tool/Special . | . . . . Unused Backups 9 | 1 1 . 7 Power . | . . . . Propulsion 1 | . 1 . . Utility 6 | 1 . . 5 Weapon 1 | . . . 1 Tool/Special 1 | . . . 1 Average Slot Usage (%) 80 | . 85 87 65 Engine 8 | . 11 12 1 Treads 22 | . 24 25 17 Device 12 | . 12 12 12 Storage 12 | . 12 12 12 Energy Gun 11 | . 12 12 8 Energy Cannon 7 | . 2 12 9 Ballistic Gun 3 | . 9 . . Peak Build Rating 10 | 7 8 8 10 Average Rating 7 | 5 6 8 6 On Entrance 5 | . 7 8 8 Avg Prop Armor Cover (%) . | . . . . Naked Turns . | . . . . Heaviest Build 22 | 19 22 22 22 Greatest Support 40 | 40 40 40 40 Greatest Overweight (x) 4 | 3 4 . 3 Average Overweight (x) . | . . . . Largest Inventory Capacity 10 | 10 10 10 10 Average Capacity 9 | 9 10 10 10 Most Carried 9 | 7 8 6 9 Average Carried 4 | 1 4 5 5 Final Capacity 10 | 10 10 10 10 Final Carried 7 | 2 5 5 7 Class Distribution -------------------- 100% | Hacker-Mutant Dominant Class ---------------- Hacker-Mutant | -10/Materials Hacker-Mutant | -10/Mines Hacker-Mutant | -10/Subcaves Resources | -11 -10 -10 -10 ----------- Run | Yrd Mat Min Sub Matter Collected 523 | 272 190 36 25 Remotely . | . . . . Salvage Created 662 | 79 298 166 119 Parts 56 | 6 17 22 11 Haulers Intercepted 1 | . 1 . . Recyclers Shooed 1 | 1 . . . Parts Field Recycled . | . . . . Retrieved Matter . | . . . . Parts Self-Destructed . | . . . . Prevented . | . . . . Parts Restored . | . . . . Kills | -11 -10 -10 -10 ------- Run | Yrd Mat Min Sub Combat Hostiles Destroyed 13 | . 6 4 3 Guns 10 | . 6 3 1 Cannons 2 | . . 1 1 Classes Destroyed 8 | 2 4 1 1 Worker 3 | . . 3 . Tunneler 2 | 1 . 1 . Hauler 1 | . 1 . . Recycler 1 | 1 . . . Watcher 3 | . 3 . . Swarmer 5 | . 2 3 . Grunt 5 | . 4 1 . Subdweller 3 | . . . 3 Best Kill Streak 4 | 2 3 4 1 Combat Bots Only 3 | . 2 3 1 Max Kills in Single Turn 1 | 1 1 1 1 Gunslinging . | . . . . Exploded . | . . . . Melee . | . . . . Uniques/NPCs Destroyed . | . . . . Combat | -11 -10 -10 -10 -------- Run | Yrd Mat Min Sub Hostile Shots Fired 93 | . 35 9 49 Missed 21 | . 10 3 8 Hits 72 | . 25 6 41 Projectile 72 | . 25 6 41 Critical Strikes 1 | . . . 1 Damage Taken 944 | . 211 34 699 Core 252 | . 72 9 171 Absorbed by Shields . | . . . . Ignored by Resistances 500 | . 126 23 351 Core Remaining (%) 100 | 100 . . . Volleys Fired 90 | 4 32 11 43 Largest 2 | 2 2 2 2 Hottest 165 | 60 60 125 165 Shots Fired 168 | 8 63 22 75 Gun 115 | 8 63 11 33 Cannon 42 | . . 11 31 Launcher . | . . . . Special 11 | . . . 11 Kinetic 36 | 4 32 . . Thermal 132 | 4 31 22 75 Explosive . | . . . . Electromagnetic . | . . . . Robot Hit Streak 43 | 8 43 15 31 Robot Miss Streak 1 | . 1 1 1 Penetration Max . | . . . . Secondary Targets 1 | . 1 . . Max Gunslinging Chain 1 | . 1 . . Shots Hit Robots 135 | 8 57 15 55 Core Hits 34 | 3 19 8 4 Critical Kills 1 | . . . 1 Critical Parts Destroyed 1 | . 1 . . Critical Strikes 2 | . 1 . 1 Meltdown 1 | . . . 1 Destroy 1 | . 1 . . Melee Attacks . | . . . . Impact . | . . . . Slashing . | . . . . Piercing . | . . . . Sneak Attacks . | . . . . Combat Hostiles . | . . . . Follow-up Attacks . | . . . . Damage Inflicted 1306 | 96 676 242 292 Guns 1076 | 96 674 155 151 Cannons 228 | . . 87 141 Explosions . | . . . . Melee . | . . . . Ramming 2 | . 2 . . Kinetic 426 | 50 376 . . Thermal 878 | 46 298 242 292 Explosive . | . . . . Electromagnetic . | . . . . Impact . | . . . . Slashing . | . . . . Piercing . | . . . . Highest Corruption . | . . . . Average Corruption . | . . . . Corruption Purged . | . . . . Corruption Blocked . | . . . . Overload Shots . | . . . . Overflow Damage . | . . . . Projectiles . | . . . . Explosions . | . . . . Melee . | . . . . Knockbacks . | . . . . Impact . | . . . . Kinetic . | . . . . Secondary . | . . . . Self-Inflicted Damage . | . . . . Shots . | . . . . Rammed 1 | . 1 . . Targets Rammed 1 | . 1 . . Kicked . | . . . . Crushed . | . . . . Highest Temperature 192 | . 99 192 153 Average Temperature 60 | . 54 64 59 Received Heat Transfer 369 | . 177 21 171 Siege Activations . | . . . . Martial Activations . | . . . . Shielding Activations . | . . . . Robots Disrupted . | . . . . Combat Hostiles . | . . . . Robots Corrupted . | . . . . Combat Hostiles . | . . . . Parts Fried . | . . . . Impact Corruptions . | . . . . Robots Melted 1 | . . . 1 Combat Hostiles 1 | . . . 1 Parts Melted 7 | . 1 . 6 Heat Transferred 1984 | 100 675 555 654 Parts Sabotaged . | . . . . Parts Stolen . | . . . . Parts Stripped . | . . . . Power Chain Reactions . | . . . . Alert | -11 -10 -10 -10 ------- Run | Yrd Mat Min Sub Maximum Alert Level . | . . . . Low Security (%) 100 | 100 100 100 . Level 1 . | . . . . Level 2 . | . . . . Level 3 . | . . . . Level 4 . | . . . . Level 5 . | . . . . High Security . | . . . . Max Security . | . . . . Peak Influence 83 | 10 57 83 . Initial . | . . . . Average 6 | 1 5 9 . Influence Increases 368 | 10 178 180 . Destroy 0b10 Robot/C 240 | . 120 120 . Destroy 0b10 Robot/NC 50 | 10 20 20 . Destroy Leader 68 | . 38 30 . Allied During Kill 6 | . . 6 . Disable Machine 4 | . . 4 . Influence Decreases 368 | 10 178 180 . Time Decay 368 | 10 178 180 . Squads Dispatched . | . . . . Investigation . | . . . . Extermination . | . . . . Reinforcement . | . . . . Assault . | . . . . Garrison . | . . . . Intercept . | . . . . Searches Triggered . | . . . . Construction Impeded . | . . . . Haulers Reinforced . | . . . . Active Scanning Responses . | . . . . Cargo Convoy Interrupts . | . . . . Stealth | -11 -10 -10 -10 --------- Run | Yrd Mat Min Sub Distress Signals 1 | . 1 . . Communications Jammed . | . . . . Distress Signals . | . . . . Times Spotted 23 | . 10 6 7 Peak Tracking Total 4 | . 4 2 2 Tactical Retreats . | . . . . Traps | -11 -10 -10 -10 ------- Run | Yrd Mat Min Sub Traps Triggered 5 | . 2 . 3 Indirectly . | . . . . Trap Hack Attempts . | . . . . Triggered . | . . . . Disarmed . | . . . . Reprogrammed . | . . . . Reused . | . . . . Traps Extracted . | . . . . Installed . | . . . . Triggered . | . . . . Machines | -11 -10 -10 -10 ---------- Run | Yrd Mat Min Sub Machines Disabled 1 | . . 1 . Max in Single Turn 1 | . . 1 . Machines Repaired . | . . . . Machines Dismantled . | . . . . Machines Sabotaged . | . . . . Overloaded Fab Kills . | . . . . Hacking | -11 -10 -10 -10 --------- Run | Yrd Mat Min Sub Machines Accessed 3 | . . . 3 Terminals . | . . . . Fabricators . | . . . . Repair Stations . | . . . . Recycling Units . | . . . . Scanalyzers . | . . . . Garrison Access . | . . . . Total Hacks 4 | . . . 4 Successful 4 | . . . 4 Failed . | . . . . Catastrophic . | . . . . Database Lockouts . | . . . . Manual . | . . . . Terminals . | . . . . Fabricators . | . . . . Repair Stations . | . . . . Recycling Units . | . . . . Scanalyzers . | . . . . Garrison Access . | . . . . Terminal Hacks 4 | . . . 4 Record 1 | . . . 1 Open Door 1 | . . . 1 Proto ID Catalog 1 | . . . 1 Release Object 1 | . . . 1 Fabricator Hacks . | . . . . Repair Station Hacks . | . . . . Recycling Unit Hacks . | . . . . Scanalyzer . | . . . . Garrison Access Hacks . | . . . . Unauthorized Hacks . | . . . . Terminals . | . . . . Fabricators . | . . . . Repair Stations . | . . . . Recycling Units . | . . . . Scanalyzers . | . . . . Garrison Access . | . . . . Data Cores Recovered . | . . . . Used . | . . . . Hacking Detections . | . . . . Full Trace Events . | . . . . Feedback Events . | . . . . Feedback Blocked . | . . . . Robot Schematics Acquired . | . . . . Robots Built . | . . . . Authchips . | . . . . Time . | . . . . Total Robot Build Rating . | . . . . Part Schematics Acquired . | . . . . Parts Built . | . . . . Authchips . | . . . . Time . | . . . . Total Part Build Rating . | . . . . Part Studies Acquired . | . . . . Parts Repaired . | . . . . Time . | . . . . Parts Recycled . | . . . . Recycled Matter . | . . . . Retrieved Matter . | . . . . Retrieved Components . | . . . . Parts Scanalyzed . | . . . . Part Schematics Acquired . | . . . . Parts Damaged . | . . . . Bothacking | -11 -10 -10 -10 ------------ Run | Yrd Mat Min Sub Used RIF Installer . | . . . . Robots Hacked . | . . . . Non-combat . | . . . . Combat . | . . . . Robot Hacks Applied . | . . . . Relay Couplers Released . | . . . . Fabnet Peak Effective % . | . . . . Robots Rewired . | . . . . Allies Hacked . | . . . . Hacks Repelled . | . . . . Allies | -11 -10 -10 -10 -------- Run | Yrd Mat Min Sub Total Allies 3 | . . 3 . Largest Group 3 | . . 3 3 Highest-Rated Group 40 | . . 40 40 Highest-Rated Ally 16 | . . 16 16 Total Orders . | . . . . Ally Attacks 76 | . . 7 69 Total Damage 274 | . . 55 219 Kills 4 | . . 2 2 Allies Corrupted 1 | . . . 1 Allies Melted . | . . . . Intel | -11 -10 -10 -10 ------- Run | Yrd Mat Min Sub Active Infowar (turns) 3197 | 73 1216 968 940 Structural 3197 | 73 1216 968 940 Robot Analysis Total . | . . . . Derelict Logs Recovered 1 | . . . 1 Drone Launches . | . . . . Drone Recoveries . | . . . . Exploration | -11 -10 -10 -10 ------------- Run | Yrd Mat Min Sub Turns Passed 3221 | 97 1216 968 940 Spaces Moved 1718 | 52 665 553 448 Core 95 | 17 10 . 68 Treads 1623 | 35 655 553 380 Legs . | . . . . Wheels . | . . . . Hover . | . . . . Flight . | . . . . Fastest Speed 50 | 50 160 160 160 Average Speed 162 | 132 161 160 169 Slowest Speed 250 | 200 250 160 240 Overloaded Moves . | . . . . Propulsion Burnouts . | . . . . Robots Hopped . | . . . . Potential Cave-ins . | . . . . Cave-ins Triggered . | . . . . Exploration Rate (%) 58 | 4 96 98 34 Regions Visited 3 Branch Regions 2 Pre-discovered Areas . | . . . . Known Exits Taken 3 | 1 1 1 . Unknown Exits Taken . | . . . . Scrap Searched . | . . . . Spaces Dug . | . . . . Terrain Destroyed . | . . . . Melee . | . . . . Projectile . | . . . . AOE . | . . . . Terrain Rammed . | . . . . Walls Destroyed . | . . . . Machines Disabled . | . . . . Actions | -11 -10 -10 -10 --------- Run | Yrd Mat Min Sub Total 1957 | 72 745 614 526 Wait 89 | . 18 48 23 Move 1715 | 51 664 552 448 Hop . | . . . . Pick Up 29 | 9 14 1 5 Fast Attach 1 | 1 . . . Attach 16 | 6 6 . 4 Detach 1 | . . . 1 Swap 8 | . 5 1 2 Drop 7 | 1 5 1 . Fire 90 | 4 32 11 43 Melee . | . . . . Ram . | . . . . Kick . | . . . . Crush 1 | . 1 . . Escape Stasis . | . . . . Rewire . | . . . . Trap . | . . . . Miscellaneous . | . . . . Route ------- -11/Scrapyard -10/Materials (discovered 6 exits: *Mat x3 / *Min x2 / *Sub) -10/Mines (discovered 3 exits: *Mat x2 / *Sub) -10/Subcaves (discovered 1 exit: *Mat) History --------- Turn | Location | Event 9 | -11/Scrapyard | Identified exit to Materials 9 | -11/Scrapyard | Discovered exit to Materials (range 16) 98 | -11/Scrapyard | Entered Materials 98 | -10/Materials | Evolved 1 slot: Utility x1 110 | -10/Materials | Identified exit to Subcaves 110 | -10/Materials | Discovered exit to Subcaves (range 11) 272 | -10/Materials | Identified exit to Materials 272 | -10/Materials | Discovered exit to Materials (range 12) 308 | -10/Materials | Build established: Hacker-Mutant 565 | -10/Materials | Identified exit to Mines 565 | -10/Materials | Discovered exit to Mines (range 6) 746 | -10/Materials | Discovered exit to Materials (range 16) 836 | -10/Materials | Discovered exit to Materials (range 9) 1056 | -10/Materials | Discovered exit to Mines (range 8) 1314 | -10/Materials | Entered Mines 1377 | -10/Mines | Assisted by bots powering up and referring to "LRC-V3" 1469 | -10/Mines | Found a hidden stash of uninstalled traps 1727 | -10/Mines | Found a Scrap Suit stashed away for nefarious purposes 1765 | -10/Mines | Discovered exit to Materials (range 8) 1823 | -10/Mines | Discovered exit to Subcaves (range 6) 1925 | -10/Mines | Discovered exit to Materials (range 5) 2282 | -10/Mines | Entered Subcaves 2282 | -10/Subcaves | Accompanied by 3 allies 2283 | -10/Subcaves | Approached by a straggling Scientist 2288 | -10/Subcaves | Ambushed by Subdwellers from Twisted Machinery 2306 | -10/Subcaves | Learned Materials trap positions 2371 | -10/Subcaves | Core integrity fell below 50% 2429 | -10/Subcaves | Identified exit to Materials 2429 | -10/Subcaves | Discovered exit to Materials (range 9) 2521 | -10/Subcaves | A swath of the cavern ceiling suddenly collapsed 2975 | -10/Subcaves | Visited 4L-MR0's lab 3029 | -10/Subcaves | Core integrity fell below 20% 3079 | -10/Subcaves | Shifting Twisted Machinery released Sub. Laser 3098 | -10/Subcaves | Shifting Twisted Machinery released Riot Gun 3211 | -10/Subcaves | Disturbed a concealed Subdweller 3222 | -10/Subcaves | Destroyed by ZL-7QF(R) with Subdweller Laser Last Messages --------------- Power Bank Rainbow Chip VL-GR5's Exoskeleton "Deathgrip" Powered Cannon 03022_ Triggered Piercing Trap. 03022_ Spikes shoot up from the floor. 03022_ Beam Cannon destroyed. 03022_ Critical hit (Impale). 03028_ Triggered Shrapnel Trap. 03028_ An expanding cloud of shrapnel blasts out in all directions. 03028_ Lgt. Treads destroyed. Sub. Laser falls loose from the Twisted Machinery. 03088_ Acquired Sub. Laser. Riot Gun falls loose from the Twisted Machinery. 03113_ Acquired Riot Gun. 03211_ ZL-7QF(R) angrily emerges from the Twisted Machinery. 03212_ Mining Laser destroyed. Map ----- +----------------------------------------------------+ | | | | | | | | | | | | | ?????????????????????????????????????????????????? | | ?????????????????????????????????????????????????? | | ?????????????????????????????????????????????????? | | ?????????????????????????????????????????????????? | | ?????????????????????????????????????????????????? | | ?????????????????????????????????????????????????? | | ?????????????????????????????????????????????????? | | ?????????????????????????????????????????????????? | | ?????????????????????????????????????????????????? | | ?????????????????????????????????????????????????? | | ?????????????????????????????????????????????????? | | ?????????????????????????????????????????????????? | | ????????????????????####?????????????????????????? | | ????????????????????####?????????????????????????? | | ????????????????????## ????????????????????? | | ????????????????????## #### ???????????????????? | | ??????????????????#### ##<<## ???????????????????? | | ??????????????????#### #<$$<# ???????????????????? | | ??????????????????## #<$$<# ????????????????? | | ??????????????????## ##@R## ##????????????????? | | ??????????????????## ## # ##????????????????? | | ??????????????????### # # ##????????????????? | | ???????????????????### ## ##????????????????? | | ????????????????????## ### ###????????????????? | | ????????????????????## ### ###????????????????? | | ????????????????????### ### ##?????????????????? | | ????????????????????#### ###????????????????? | | ?????????????????????#### ###????????????????? | | ??????????????????????## ## ##????????????????? | | ??????????????????????### # ###????????????????? | | ??????????????????????## ###????????????????? | | ??????????????????????### ##????????????????? | | ??????????????????????#### ##????????????????? | | ???????????????????????##### ##????????????????? | | ???????????????????????#### ####???????????????? | | ??????????????????????#### ###???????????????? | | ??????????????????????###""" " ##???????????????? | | ??????????????????????## """ "### ???????????????? | | ??????????????????????###""" ### ???????????????? | | ??????????????????????####"" ## ?????????????????? | | ??????????????????????####"" ##??????????????????? | | ?????????????????????####""" ## ? ?? ???????????? | | ????????????????????####"""" ##" ??????????? | | ???????????????????####"""" " " ??????????? | +----------------------------------------------------+ Best States ------------- Heat Dissipation 25 Energy Generation 14 Energy Capacity 250 Matter Stores 300 Matter Capacity 300 Sight Range 16 Terrain Scan Density 10 Resistance: KI 35 Resistance: TH 35 Resistance: EX 35 Resistance: EM 35 Resistance: I 35 Resistance: S 35 Resistance: P 35 Evasion (%) 50 Recoil Reduction 2 Offensive Hacking 20 Item Schematics ----------------- None Robot Schematics ------------------ None Fabricated ------------ Nothing Repaired ---------- Nothing Studied --------- None Alien Tech Used ----------------- None Achievements -------------- None Challenges ------------ None Game ------ Seed ThermalGhostSaw Manual? 0 Play Time 00:16:04 Cumulative 209.8 hours Start 2025.12.18 @ 14:32:12 End 2025.12.18 @ 14:45:04 Sessions 1 Manual Loads 0 Difficulty Explorer Special Mode None Game No. 317 Rogue 0 Adventurer 0 Explorer 317 Win Type - Total 0 Types 0/0/0/0/0/0/0/0/0/0 Lore% 71 Gallery% 68 Achievement% 53 Wizard Run 0 Options --------- Layout 1 ASCII 0 Keyboard 0 Movement Mouse Keybinds 0 Fullscreen 1 Font 24/Smallcaps Map View 50x35 Zoom Use 0% Tactical HUD 1 Map Filters NONE Filters NONE Steam 1 RUN: ab708dfe-a643-412d-a3b7-de828800b842